 Dungeon Crawl Stone Soup version 0.29.1-15-g9cfb28693d (webtiles) character file.

Game seed: 13546309600835393939

28 Artool the Trooper (level 2, -1/24 HPs)
             Began as a Demonspawn Fighter on Apr 6, 2023.
             Succumbed to a kobold's poison
             ... on level 2 of the Dungeon.
             The game lasted 00:01:09 (1653 turns).

Artool the Trooper (Demonspawn Fighter)             Turns: 1653, Time: 00:01:09

Health: -1/24      AC:  6    Str: 16    XL:     2   Next: 96%
Magic:  2/2        EV:  8    Int: 15    God:
Gold:   74         SH:  4    Dex: 12    Spells: 1/1 levels left

rFire   . . .      SeeInvis .   a - +0 flail
rCold   . . .      Faith    .   c - +0 buckler
rNeg    . . .      Spirit   .   b - +0 scale mail
rPois   .          Reflect  .   (no helmet)
rElec   .          Harm     .   (no cloak)
rCorr   .          Rampage  .   (no gloves)
Will    .....                   (no boots)
Stlth   ..........              (no amulet)
HPRegen 0.08/turn               g - +6 ring of intelligence
MPRegen 0.08/turn               (no ring)

@: mighty, lethally poisoned (-1 -> -6)
A: weakness stinger 1
a: no special abilities


You were on level 2 of the Dungeon.
You visited 1 branch of the dungeon, and saw 2 of its levels.

You collected 74 gold pieces.

Inventory:

Hand Weapons
 a - a +0 flail (weapon)
Armour
 b - a +0 scale mail (worn)
 c - a +0 buckler (worn)
Jewellery
 g - a +6 ring of intelligence (left hand)
Scrolls
 e - 3 scrolls of identify {unknown}
 f - 2 scrolls of teleportation {unknown}
 h - a scroll of butterflies {unknown}
 i - a scroll of vulnerability {unknown}
Potions
 d - a potion of might


   Skills:
 + Level 3.4 Fighting
 + Level 2.3 Maces & Flails
 + Level 3.1 Armour
 - Level 2.6 Shields


You had one spell level left.
You didn't know any spells.
Your spell library contained the following spells:

 Spells                   Type           Power      Damage    Failure   Level
 Blade Hands              Tmut           0%         N/A       100%        5
 Irradiate                Conj/Tmut      0%         3d11      100%        5
 Dragon Form              Tmut           0%         N/A       100%        7


Dungeon Overview and Level Annotations

Branches:
Dungeon (2/15)

Altars:


Innate Abilities, Weirdness & Mutations

You have a small tail.


Message History

You see here a bat corpse.
A kobold and a goblin come into view.
The kobold is wielding a +0 dagger of venom.
The kobold shouts!
An endoplasm comes into view.
The endoplasm quivers.
The kobold hits you but does no damage.
There are monsters nearby!
You hit the kobold but do no damage. The kobold barely misses you.
There are monsters nearby!
You barely miss the kobold.
An endoplasm comes into view.
The kobold hits you with a +0 dagger of venom.
The endoplasm hits the fungus.
The fungus begins to die.
The kobold barely misses you.
You hit the kobold but do no damage. You block the endoplasm's attack.
The kobold hits you but does no damage.
You are poisoned.
The endoplasm hits the fungus.
You closely miss the kobold.
You feel very sick.
The endoplasm hits the fungus.
The kobold hits you with a +0 dagger of venom.
You are lethally poisoned!
The endoplasm completely misses you.
You feel very sick.
Something hits the fungus.
The endoplasm attacks as you move away! The endoplasm hits you.
You feel very sick.
* * * LOW HITPOINT WARNING * * *
You feel sick.
* * * LOW HITPOINT WARNING * * *
You feel sick.
You feel very mighty all of a sudden.
* * * LOW HITPOINT WARNING * * *
You feel sick. The endoplasm hits you.
* * * LOW HITPOINT WARNING * * *
You bludgeon the endoplasm!!
You kill the endoplasm!
You die...

############### #
#........(..... #
#.#####.###### ####.#
#.##### .....#
#.†...####### ##.#.#
#.##.#......# #
.....#####...###@###.##.
##.#........## #.# ... #
#.##.....##.###K###.#..##
#.###...# ##.#..g....$...
#.# ##.# ##.###g###..#
#.# #.# #.# #.# #.# ...
#.##...P #.##..P.P


You could see a goblin and a kobold.

Vanquished Creatures
  2 bats
  2 endoplasms
  A giant cockroach (D:1)
  A goblin (D:1)
  A hobgoblin (D:1)
  4 quokkas
  3 ball pythons (D:1)
  3 frilled lizards
  6 kobolds (D:2)
  5 rats
28 creatures vanquished.

Vanquished Creatures (others)
  A fungus (D:2)
  9 plants (D:2)
10 creatures vanquished.

Grand Total: 38 creatures vanquished

Notes
Turn   | Place    | Note
-------+----------+-------------------------------------------
     0 | D:1      | Artool the Demonspawn Fighter began the quest for the Orb.
     0 | D:1      | Reached XP level 1. HP: 18/18 MP: 1/1
   490 | D:1      | Gained mutation: You have a small tail. [demonic ancestry]
   490 | D:1      | Reached XP level 2. HP: 24/24 MP: 2/2
   784 | D:1      | Found a faded altar of an unknown god.
  1652 | D:2      | HP: 1/24 [endoplasm (2)]
  1653 | D:2      | Succumbed to a kobold's poison

Illustrated notes

Levels and vault maps discovered:
D:1:      dpeg_arrival_prison, layout_basic, ebering_ecumenical_altar_hall,
          nicolae_kite_square_tiling_tiny, nicolae_figureground_sparkle
D:2:      layout_loops_ring, serial_shops, shop, roderic_lattice_a,
          kennysheep_another_room, dreamdust_mushroom_princess,
          lexackson_kobold_supper

Skill      XL: |  1  2 |
---------------+-------+-----
Maces & Flails | 2 |  2.3
Armour         | 3 |  3.1
Fighting       | |  3.4
Shields        | |  2.6

Action                   || total
-------------------------++-------
Melee: Flail             ||    82
       Tailslap          ||     5
  Use: Potion            ||     1
Armor: Scale mail        ||    34
Dodge: Dodged            ||    40
Block: Buckler           ||    15
